 Dungeon Crawl Stone Soup version 0.29-a0-356-g7bc237e783 (webtiles) character file.

Game seed: 16862311253346162629

652 spaghetti the Conjurer (level 7, -12/55 HPs)
             Began as a Deep Dwarf Conjurer on Apr 26, 2022.
             Was a Follower of Ashenzari.
             Mangled by an orc warrior
             ... wielding a +0 glaive
              (17 damage)
             ... on level 5 of the Dungeon.
             The game lasted 00:11:09 (4457 turns).

spaghetti the Conjurer (Deep Dwarf Conjurer)        Turns: 4457, Time: 00:11:09

Health: -12/55     AC:  7    Str: 11    XL:     7   Next: 28%
Magic:  0/12       EV: 12    Int: 20    God:    Ashenzari [*.....]
Gold:   108        SH:  0    Dex: 11    Spells: 10/13 levels left

rFire   . . .      SeeInvis .   e - +1 dagger of the Sidereal Adversity {venom, short, Evo, Self} (curse)
rCold   . . .      Faith    .   (no shield)
rNeg    . . .      Spirit   .   a - +0 robe "Tethered Together" {Bglg, Evo} (curse)
rPois   .          Reflect  .   (no helmet)
rElec   .          Harm     .   (no cloak)
rCorr   .          Rampage  .   (no gloves)
Will    +....                   s - +0 pair of boots
Stlth   ++........              (no amulet)
HPRegen 0.00/turn               g - +4 ring of protection
MPRegen 0.13/turn               (no ring)

@: no status effects
A: damage resistance, heal wounds, sense surroundings 1, no regeneration
a: Heal Wounds, Renounce Religion, Shatter the Chains


You were on level 5 of the Dungeon.
You worshipped Ashenzari.
Ashenzari was aware of your devotion.
You visited 1 branch of the dungeon, and saw 5 of its levels.

You collected 108 gold pieces.


Innate Abilities, Weirdness & Mutations

You are resistant to damage.
You can heal yourself by infusing magical energy.
You passively map a small area around you.
You do not regenerate.


   Skills:
 - Level 2.1 Dodging
 - Level 2.4 Stealth
 - Level 3.0(3.7) Spellcasting
 + Level 7.3(8.2) Conjurations
 + Level 3.0(4.1) Evocations


You had 10 spell levels left.
You knew the following spells:

 Your Spells              Type           Power      Damage    Failure   Level
a - Magic Dart            Conj           100%       1d8       1%          1
b - Searing Ray           Conj           72%        2d7       1%          2

Your spell library contained the following spells:

 Spells                   Type           Power      Damage    Failure   Level
 Dazzling Flash           Conj/Hex       40%        N/A       7%          3
 Fulminant Prism          Conj/Hex       10%        3d9       24%         4
 Iskenderun's Mystic Bla  Conj/Tloc      20%        2d6       24%         4

Inventory:

Hand Weapons
 b - a +0 club {mace}
   (You took it off a goblin on level 1 of the Dungeon)
 c - a +0 dagger {short}
   (You took it off a kobold on level 1 of the Dungeon)
 e - the cursed +1 dagger of the Sidereal Adversity (weapon) {venom, short, Evo, Self}
   (You took it off a goblin on level 3 of the Dungeon)

   It poisons the flesh of those it strikes.
   It has a curse which improves the following skills: Evocations: Evocations.
   Introspection: Fighting and Spellcasting.
 f - a +2 dagger of holy wrath {short}
   (You took it off a goblin on level 1 of the Dungeon)
Missiles
 d - 54 stones {throwing}
 q - 5 poisoned darts {throwing}
Armour
 a - the cursed +0 robe "Tethered Together" (worn) {Bglg, Evo}

   It has a curse which improves the following skills: Beguiling: Conjurations,
   Hexes and Translocations.
   Evocations: Evocations.
 s - a +0 pair of boots (worn)
   (You found it on level 5 of the Dungeon)
Jewellery
 g - a +4 ring of protection (left hand)
   (You found it on level 1 of the Dungeon)
Wands
 n - a wand of mindburst (9)
   (You found it on level 4 of the Dungeon)
Scrolls
 h - a scroll of summoning
 i - a scroll of teleportation {@r4}
 j - 2 scrolls of blinking {!r}
 k - a scroll of identify {@r1}
 l - a scroll of enchant armour
 o - a scroll of vulnerability {!r!r}
 p - a scroll of enchant weapon
 r - a scroll of fear
Potions
 m - 3 potions of curing {@q1}
 t - a potion of cancellation

Dungeon Overview and Level Annotations

Branches:
Dungeon (5/15)             Temple (0/1) D:5

Altars:
Ashenzari

Shops:
D:3

! ##.## #.#
####.$... *
####...# #.#
#...?....
##......###.#
#....o... *
..........##<#
#.....o.o
≈≈≈≈......##.#
#)#* , ,
≈≈≈≈≈≈....##.#
#Y#* *,
≈≈≈≈≈≈≈≈..##.#
#o# , ,
≈≈≈≈≈≈≈≈≈.##.#
#.# *
...≈≈≈≈≈≈.##.#
#@#
>.≈≈≈≈≈≈....#
#.# ,
..≈≈≈≈≈≈..###
#.# * *
≈†≈≈≈≈...# #.# ,
, ,
≈≈≈≈....######.#
**
≈≈....?........#
........########
####.#### , *
#..* , ,*


You could see an orc warrior and an ice beast.


Message History

Press: ? - help, Shift-Dir - straight line, f/p - hound
Aim: a hound (almost dead, 100% to hit)
The magic dart hits the hound.
You kill the hound! 😕 MP[-1]
You lost 1 mp, and now have 7/12 mp.
Found a stone staircase leading up.
Key pressed, stopping explore.
Found an escape hatch in the ceiling. 😕 MP[+5]
Your mp is fully restored (12).
An orc warrior and an orc wizard come into view.
The orc warrior shouts!
The orc wizard shouts!
You hear a shout! x2
An orc comes into view. It is wielding a +0 club.
An orc wizard comes into view. It is wielding a +0 dagger.
The orc wizard moves out of view.
An orc comes into view.
It is wielding a +2 flail of holy wrath.
Unknown command.
The orc moves out of view.
Casting: Magic Dart (safe; 1% risk of failure)
Confirm with . or Enter, or press ? or * to list all spells.
Aiming: Searing Ray (safe; 1% risk of failure)
Press: ? - help, Shift-Dir - straight line, f - orc warrior
Aim: an orc warrior, wielding a +0 glaive and wearing a +0 plate armour (81% to hit)
The searing ray hits the orc warrior. (Press . to maintain the ray.)
The orc wizard gestures wildly while chanting.
The orc wizard flickers and vanishes!
Deactivating autopickup; reactivate with Ctrl-A. 😕 MP[-2]
You lost 2 mp, and now have 10/12 mp.
The searing ray hits the orc warrior but does no damage.
The searing ray hits the orc wizard! 😕 MP[-1]
You lost 1 mp, and now have 9/12 mp.
The searing ray hits the orc warrior but does no damage.
The searing ray hits the orc wizard.
The orc warrior closely misses you. 😕 MP[-1]
You lost 1 mp, and now have 8/12 mp.
The searing ray misses the orc warrior.
The searing ray hits the orc wizard.
You kill the orc wizard!
The searing ray hits the orc.
You kill the orc!
You finish channelling your searing ray.
The orc warrior hits you from afar with a +0 glaive! 😕 HP[-10] MP[-1]
You take 10 damage, and now have 43/55 hp.
You lost 1 mp, and now have 7/12 mp.
Casting: Searing Ray (safe; 1% risk of failure)
Confirm with . or Enter, or press ? or * to list all spells.
Aiming: Searing Ray (safe; 1% risk of failure)
Press: ? - help, Shift-Dir - straight line, f/p - orc warrior
Aim: an orc warrior, wielding a +0 glaive and wearing a +0 plate armour (lightly wounded, 81% to hit)
The searing ray hits the orc warrior.
The searing ray hits something! (Press . to maintain the ray.)
The orc warrior hits you from afar with a +0 glaive!!
* * * LOW HITPOINT WARNING * * *
😨 HP[-21] MP[-2]
You take 21 damage, and now have 22/55 hp.
MASSIVE DAMAGE!! (PAUSE)
You lost 2 mp, and now have 5/12 mp.
The searing ray hits the orc warrior.
The searing ray hits something!
Reactivating autopickup.
You feel a bit more experienced.
The searing ray hits the orc.
The orc warrior closely misses you.
Your base Evocations skill increases to level 3! 😨 MP[-1]
You lost 1 mp, and now have 4/12 mp.
The searing ray hits the orc warrior.
The searing ray hits the orc!
You kill the orc!
The orc warrior closely misses you.
An ice beast comes into view.
The searing ray hits the orc warrior.
You finish channelling your searing ray.
The orc warrior hits you from afar with a +0 glaive!
* * * LOW HITPOINT WARNING * * *
😱 HP[-15] MP[-1]
You take 15 damage, and now have 7/55 hp.
MASSIVE DAMAGE!! (PAUSE)
You lost 1 mp, and now have 3/12 mp.
Casting: Searing Ray (safe; 1% risk of failure)
Confirm with . or Enter, or press ? or * to list all spells.
Aiming: Searing Ray (safe; 1% risk of failure)
Press: ? - help, Shift-Dir - straight line, f/p - orc warrior
Aim: an orc warrior, wielding a +0 glaive and wearing a +0 plate armour (severely wounded, 81% to hit)
The searing ray hits the orc warrior.
The searing ray hits the ice beast! (Press . to maintain the ray.)
The orc warrior hits you from afar with a +0 glaive.
* * * LOW HITPOINT WARNING * * *
😱 HP[-2] MP[-2]
You take 2 damage, and now have 5/55 hp.
You lost 2 mp, and now have 1/12 mp.
The searing ray hits the orc warrior but does no damage.
The searing ray hits the ice beast.
The orc warrior hits you but does no damage. 😱 MP[-1]
You lost 1 mp, and now have 0/12 mp.
Without enough magic to sustain it, your searing ray dissipates.
The orc warrior hits you from afar with a +0 glaive!!
You die...

Skill      XL: |  1  2  3  4  5  6  7 |
---------------+----------------------+-----
Conjurations   | 4 5 6 7 |  7.3
Spellcasting   | 3 |  3.0
Evocations     | 1 3 |  3.0
Dodging        | |  2.1
Stealth        | |  2.4

Action                   |  1- 3 |  4- 6 |  7- 9 || total
-------------------------+-------+-------+-------++-------
Melee: Dagger            |    25 |    59 |       ||    84
       Unarmed           |     3 |       |       ||     3
Throw: Stone             |     4 |       |       ||     4
 Cast: Magic Dart        |    82 |    87 |    13 ||   182
       Searing Ray       |       |     5 |     3 ||     8
Invok: Curse Item        |       |     2 |       ||     2
Evoke: Wand              |       |     5 |       ||     5
  Use: Potion            |     2 |     9 |       ||    11
       Scroll            |     1 |     2 |       ||     3
 Stab: Sleeping          |       |     1 |       ||     1
Armor: Robe              |     4 |    44 |     4 ||    52
Dodge: Dodged            |    15 |    72 |     6 ||    93

Levels and vault maps discovered:
D:1:      kennysheep_arrival_forest, layout_loops_cross, basic_ecumenical_altar
D:2:      layout_loops_cross
D:3:      layout_loops_ring, serial_shops, shop_fountains, uniq_robin, uniq_ijyb
D:4:      minmay_wonky_spiral, layout_loops_cross, serial_park_tiny_2
D:5:      layout_loops_ring, temple_pool_b, minmay_mini_ossuary

Notes
Turn   | Place    | Note
-------+----------+-------------------------------------------
     0 | D:1      | spaghetti the Deep Dwarf Conjurer began the quest for the
                  | Orb.
     0 | D:1      | Reached XP level 1. HP: 15/15 MP: 3/3
     0 | D:1      | magus.rc [v1.9.6]
   227 | D:1      | Reached skill level 4 in Conjurations
   252 | D:1      | Found a faded altar of an unknown god.
   283 | D:1      | Reached XP level 2. HP: 22/22 MP: 2/4
   303 | D:1      | Prayed at the altar of an unknown god.
   303 | D:1      | Became a worshipper of Ashenzari the Shackled
   315 | D:1      | Learned a level 2 spell: Searing Ray
  1033 | D:2      | Reached XP level 3. HP: 25/28 MP: 0/5
  1598 | D:2      | Reached skill level 5 in Conjurations
  1862 | D:2      | Reached XP level 4. HP: 22/36 MP: 0/6
  2301 | D:3      | Noticed Ijyb
  2378 | D:3      | Killed Ijyb
  2379 | D:3      | Reached skill level 2 in Spellcasting
  2477 | D:3      | Found Ymeovoir's Distillery.
  2520 | D:3      | Noticed Robin
  2533 | D:3      | Killed Robin
  2534 | D:3      | Noticed a black bear
  2556 | D:3      | Killed a black bear
  2557 | D:3      | Reached skill level 3 in Spellcasting
  2557 | D:3      | Reached XP level 5. HP: 23/42 MP: 0/9
  3265 | D:4      | Reached skill level 6 in Conjurations
  3425 | D:4      | Reached XP level 6. HP: 35/49 MP: 1/10
  3805 | D:4      | Reached skill level 7 in Conjurations
  3873 | D:4      | Reached * piety under Ashenzari
  4092 | D:4      | Reached skill level 1 in Evocations
  4092 | D:4      | Reached XP level 7. HP: 53/55 MP: 2/12
  4262 | D:5      | Entered Level 5 of the Dungeon
  4320 | D:5      | Reached skill level 2 in Evocations
  4366 | D:5      | Found a staircase to the Ecumenical Temple.
  4453 | D:5      | Reached skill level 3 in Evocations
  4454 | D:5      | HP: 7/55 [orc warrior/+0 glaive (15)]
  4457 | D:5      | Mangled by an orc warrior

Vanquished Creatures
  2 black bears
  A phantom (D:4)
  A scorpion (D:4)
  3 hounds
  An iguana (D:4)
  Ijyb (D:3)
  2 orc wizards (D:5)
  Robin (D:3)
  2 adders (D:2)
  2 worms
  5 orcs
  11 ball pythons
  4 endoplasms
  6 giant cockroaches
  11 hobgoblins
  4 jackals (D:2)
  11 kobolds
  2 quokkas (D:1)
  6 bats
  4 frilled lizards
  13 goblins
  5 rats
98 creatures vanquished.

Table legend:
 A = Non-vault XP
 B = Vault XP
 C = Vault XP percentage of total XP
 D = Non-vault monster count
 E = Vault monster count
 F = Vault count percentage of total count
                 A         B        C        D         E       F
            +---------+---------+-------+---------+---------+-------
      Total |     759 |     173 |  18.6 |      89 |       9 |   9.2
            +---------+---------+-------+---------+---------+-------
        D:1 |      35 |       0 |   0.0 |      21 |       0 |   0.0
        D:2 |      65 |       0 |   0.0 |      23 |       0 |   0.0
        D:3 |     164 |      62 |  27.4 |      18 |       8 |  30.8
        D:4 |     330 |     111 |  25.2 |      21 |       1 |   4.5
        D:5 |     165 |       0 |   0.0 |       6 |       0 |   0.0
            +---------+---------+-------+---------+---------+-------

Illustrated notes

Table legend:
 A = Kills in this place as a percentage of kills in entire the game.
 B = Kills by you in this place as a percentage of kills by you in the entire game.
 C = Kills by friends in this place as a percentage of kills by friends in the entire game.
 D = Other kills in this place as a percentage of other kills in the entire game.
 E = Experience gained in this place as a percentage of experience gained in the entire game.
 F = Experience gained in this place divided by the number of levels of this place that you have seen.
                   A       B       C       D       E      F
               +-------+-------+-------+-------+-------+----------------------
         Total | 100.0 | 100.0 |   N/A |   N/A | 100.0 | 186.4
       Dungeon | 100.0 | 100.0 |   N/A |   N/A | 100.0 | 186.4
               +-------+-------+-------+-------+-------+----------------------

Table legend: (Time is in decaauts)
 A = Elapsed time spent in this place.
 B = Non-inter-level travel time spent in this place.
 C = Inter-level travel time spent in this place.
 D = Time resting spent in this place.
 E = Time spent auto-exploring this place.
 F = Levels seen in this place.
 G = Mean time per level.
                   A        B        C        D        E       F      G
               +--------+--------+--------+--------+--------+-----+--------+
         Total |   4469 |   4331 |    138 |    106 |   3636 |   5 |  893.8 |
       Dungeon |   4469 |   4331 |    138 |    106 |   3636 |   5 |  893.8 |
               +--------+--------+--------+--------+--------+-----+--------+

Top non-repeatable levels by time:
     D:3: 1174 daAuts
     D:4: 1105 daAuts
     D:1: 1024 daAuts
     D:2: 1001 daAuts
     D:5: 164 daAuts
